 Dungeon Crawl Stone Soup version 0.18.1-48-g4cf74bf (webtiles) character file.

134 Muumios the Skirmisher (level 4, -5/35 HPs)
             Began as a Mummy Skald on Aug 17, 2016.
             Killed from afar by an orc wizard (6 damage)
             ... with a magic dart
             ... on level 3 of the Dungeon.
             The game lasted 00:02:38 (1976 turns).

Muumios the Skirmisher (Mummy Skald)                Turns: 1976, Time: 00:02:38

Health: -5/35      AC:  3    Str: 15    XL:     4   Next: 95%
Magic:  7/7        EV: 11    Int: 11    God:
Gold:   49         SH:  0    Dex: 12    Spells: 1 memorised, 6 levels left

rFire  x . .     SeeInvis .     f - +1 dagger (venom)
rCold  + . .     Gourm    .     b - +0 leather armour
rNeg   + + +     Faith    .     (no shield)
rPois  ∞         Spirit   .     (no helmet)
rElec  .         Dismiss  .     (no cloak)
rCorr  .         Reflect  .     (no gloves)
SustAt .         Harm     .     (no boots)
MR     .....                    (no amulet)
Stlth  +.........               (no ring)
                                (no ring)

@: not resistant to hostile enchantments, very unstealthy
A: no food or potions, fire vulnerability, cold resistance 1, negative energy
resistance 3, torment resistance, unbreathing
a: no special abilities


You were on level 3 of the Dungeon.
You were not hungry.

You visited 1 branch of the dungeon, and saw 3 of its levels.

You collected 49 gold pieces.

Inventory:

Hand Weapons
 a - a +0 spear
 f - a +1 dagger of venom (weapon)
Missiles
 h - 20 poisoned needles
Armour
 b - a +0 leather armour (worn)
Scrolls
 e - a scroll of magic mapping
Books
 c - a book of Battle

   Spells                             Type                      Level
   a - Infusion                       Charms                       1
   b - Shroud of Golubria             Charms/Translocation         2
   c - Song of Slaying                Charms                       2
   d - Spectral Weapon                Hexes/Charms                 3
   e - Regeneration                   Charms/Necromancy            3


   Skills:
 * Level 3.3 Fighting
 * Level 2.7 Polearms
 - Level 0.7 Armour
 - Level 0.7 Dodging
 - Level 2.0 Spellcasting
 * Level 3.3 Charms


You had 6 spell levels left.
You knew the following spells:

 Your Spells              Type           Power        Failure   Level  Hunger
a - Infusion              Chrm           #...         12%         1    N/A

Dungeon Overview and Level Annotations

Branches:
Dungeon (3/15)

Altars:
Pakellas


Innate Abilities, Weirdness & Mutations

You do not eat or drink.
Your flesh is vulnerable to fire.
You are immune to poison.
Your flesh is cold resistant.
You are immune to negative energy.
You are immune to unholy pain and torment.
You can survive without breathing.


Message History

The puff of flame hits you! The fire burns you terribly!
* * * LOW HITPOINT WARNING * * *
The orc hits you with a hand axe.
* * * LOW HITPOINT WARNING * * *
You are too injured to fight recklessly!
You are too injured to fight recklessly!
Unknown command.
You can't drink.
Unknown command.
Read which item? (? for menu, Esc to quit)
As you read the scroll labeled BAOGHIL IKOARR, it crumbles to dust.
It is a scroll of enchant weapon.
Enchant which weapon? (? for menu, Esc to quit)
Your +0 dagger of venom glows red for a moment.
The orc wizard barely misses you. The orc hits you but does no damage.
You completely miss the orc wizard.
The orc wizard is lightly wounded.
The orc wizard gestures at you while chanting.
The magic dart hits you!
You die...

#..# ##.## ##..# #.o## #
#o## ......# .# #.#
.[..)..# #..# ###.# .
....<..# #..###.).# .
#......# #..##@### .###
#......# ##...oo### #...
.......####....Ko..# #..#
..............####.##..#
..............# #....#
#.†...........# ###..#.._.
##............###...#......
#####.......).†....########
# #...................


You could see an orc wizard, 2 orcs and a kobold.

Vanquished Creatures
  An orc wizard (D:3)
  An orc priest (D:3)
  3 adders (D:3)
  A worm (D:3)
  2 dart slugs (D:1)
  A giant gecko (D:3)
  2 orcs (D:3)
  2 ball pythons
  3 bats (D:1)
  A giant cockroach (D:1)
  4 goblins
  3 hobgoblins
  4 jackals (D:1)
  A giant newt (D:1)
  7 kobolds
  6 rats
42 creatures vanquished.

Notes
Turn   | Place    | Note
--------------------------------------------------------------
     0 | D:1      | Muumios the Mummy Skald began the quest for the Orb.
     0 | D:1      | Reached XP level 1. HP: 16/16 MP: 3/3
   290 | D:1      | Reached XP level 2. HP: 23/23 MP: 5/5
   915 | D:1      | Reached XP level 3. HP: 20/28 MP: 6/6
  1795 | D:3      | Found an oddly glowing altar of Pakellas.
  1807 | D:3      | Reached XP level 4. HP: 20/35 MP: 7/7
  1974 | D:3      | HP: 1/35 [orc/hand axe (6)]
  1976 | D:3      | Killed from afar by an orc wizard

Skill      XL: |  1  2  3 |
---------------+----------+-----
Polearms       | 2 |  2.7
Fighting       | 3 |  3.3
Charms         | 3 |  3.3
Armour         | |  0.7
Dodging        | |  0.7
Spellcasting   | |  2.0

Action                   |  1- 3 |  4- 6 || total
-------------------------+-------+-------++-------
Melee: Spear             |    43 |       ||    43
       Dagger            |   118 |    19 ||   137
  Use: Scroll            |     4 |     1 ||     5
Armor: Leather armour    |    47 |     3 ||    50
Dodge: Dodged            |    77 |    11 ||    88
